 Dungeon Crawl Stone Soup version 0.17-a0-1798-g879a7aa (webtiles) character file.

43 luca467 the Insei (level 3, -2/29 HPs)
             Began as a Demonspawn Monk on Sept 10, 2015.
             Slain by a hobgoblin
             ... wielding a +0 club
             ... led by Robin
              (5 damage)
             ... on level 2 of the Dungeon.
             The game lasted 00:08:25 (2048 turns).

luca467 the Insei (Demonspawn Monk)                 Turns: 2048, Time: 00:08:26

Health: -2/29      AC:  2    Str: 11    XL:     3   Next: 37%
Magic:  3/3        EV: 13    Int: 11    God:
Gold:   113        SH:  0    Dex: 16    Spells: 0 memorised, 2 levels left

rFire  . . .     SeeInvis .       - Unarmed
rCold  . . .     Clarity  .     a - +0 robe
rNeg   . . .     SustAt   .     (no shield)
rPois  .         Gourm    .     (helmet restricted)
rElec  .         Spirit   .     (no cloak)
rCorr  .         Warding  .     (no gloves)
rMut   .         Stasis   .     (no boots)
MR     .....                    (no amulet)
Stlth  +++.......               (no ring)
                                (no ring)

@: not resistant to hostile enchantments, fairly stealthy
A: antennae 1, nightstalker 1
a: no special abilities


You were on level 2 of the Dungeon.
You were hungry.

You visited 1 branch of the dungeon, and saw 3 of its levels.

You collected 113 gold pieces.

Inventory:

Armour
 a - a +0 robe (worn)
Scrolls
 e - a scroll of amnesia
 h - 2 scrolls of identify
 i - 2 scrolls of blinking
 l - a scroll of teleportation {unknown}
 m - a scroll of remove curse {unknown}
 r - a scroll of enchant armour {unknown}
Potions
 d - 2 potions of agility
 f - 2 potions of curing
 p - a potion of heal wounds {unknown}
 q - a potion of poison {unknown}
Books
 n - a book of the Dragon

   Spells                             Type                      Level
   a - Flame Tongue                   Conjuration/Fire             1
   b - Cause Fear                     Hexes                        4
   c - Bolt of Fire                   Conjuration/Fire             6
   d - Dragon Form                    Transmutation                7
   e - Dragon's Call                  Summoning                    9
Comestibles
 b - a bread ration
 c - a royal jelly
 g - a meat ration
 j - 2 fruits
 k - a beef jerky
 o - a slice of pizza


   Skills:
 + Level 3.4 Fighting
 + Level 2.9 Dodging
 + Level 2.3 Stealth
 * Level 4.0 Unarmed Combat


You had 2 spell levels left.
You didn't know any spells.

Dungeon Overview and Level Annotations

Branches:
Dungeon (3/15)

Altars:

Annotations:
D:2 Robin


Innate Abilities, Weirdness & Mutations

You have a pair of small antennae on your head.
You are slightly more attuned to the shadows.


Message History

You hit Robin but do no damage. Robin throws the goblin at you!
The goblin barely misses you. The hobgoblin hits you.
You hit Robin.
Robin is moderately wounded.
The goblin hits you but does no damage. Robin hits you with an enchanted club.
You barely miss Robin.
Robin is moderately wounded.
The hobgoblin misses you. The goblin hits you but does no damage.
Robin hits you but does no damage.
You closely miss Robin.
Robin is moderately wounded.
The hobgoblin barely misses you. The hobgoblin closely misses you.
The goblin hits you with an enchanted dagger.
* * * LOW HITPOINT WARNING * * *
You closely miss Robin.
Robin is moderately wounded.
Robin misses you. The hobgoblin closely misses you.
The quokka bites you but does no damage.
The goblin barely misses you. The hobgoblin hits you with a club.
You die...

#.# #.# #.#### #.#
#....###### ...... #.g
......... ......
#.###........# gg#.##
#............# #
#.######.....# ..
#......#.gr..# #..#
#..≈≈≈.#)@...##........
#..≈(≈.#ggg..##.#..#..#
#))≈≈≈.......##......≈≈
##>..................≈≈≈
#....................≈§§
#...#####.####.......≈§≈
#...# #.# ##.......≈§≈
#...# #.# #.......≈≈§§≈
#...#####.###.....≈≈≈§§§≈≈


You could see Robin, a quokka, 2 hobgoblins and a goblin (frenzied).

Vanquished Creatures
  A worm (D:2)
  A giant gecko (D:1)
  5 bats
  3 giant cockroaches
  7 goblins
  6 hobgoblins
  3 kobolds
  2 giant newts (D:2)
  9 rats
37 creatures vanquished.

Vanquished Creatures (others)
  3 goblins (D:2)
  A hobgoblin (D:2)
  A bat (D:2)
  A rat (D:2)
6 creatures vanquished.

Grand Total: 43 creatures vanquished

Notes
Turn   | Place    | Note
--------------------------------------------------------------
     0 | D:1      | luca467 the Demonspawn Monk began the quest for the Orb.
     0 | D:1      | Reached XP level 1. HP: 18/18 MP: 1/1
   435 | D:1      | Gained mutation: You have a pair of small antennae on your head. [demonic ancestry]
   435 | D:1      | Reached XP level 2. HP: 24/24 MP: 2/2
  1052 | D:2      | Noticed Robin
  1247 | D:2      | Gained mutation: You are slightly more attuned to the shadows. [demonic ancestry]
  1247 | D:2      | Reached XP level 3. HP: 27/29 MP: 3/3
  1404 | D:2      | Reached skill level 4 in Unarmed Combat
  1632 | D:2      | You fall through a shaft!
  2048 | D:2      | Slain by a hobgoblin

Vault maps used:
D:1:      onia_arrival_mini_maze, minivault_23, minmay_fountain_box,
          minmay_misc_feat_diagonals
D:2:      corexii_item_surrounded_by_moat, lemuel_old_faithful, uniq_robin

Action                   || total
-------------------------++-------
Melee: Unarmed           ||   139
  Use: Scroll            ||     4
 Stab: Sleeping          ||     6
  Eat: Chunk             ||     3
